 Dungeon Crawl Stone Soup version 0.29-a0-1052-g6990b1bffc (webtiles) character file.

Game seed: 9921280971715875112

7 ragingrage the Sneak (level 1, -26/19 HPs)
             Began as a Minotaur Delver on Aug 17, 2022.
             Annihilated by an ogre
             ... wielding a +0 giant club
              (28 damage)
             ... on level 5 of the Dungeon.
             The game lasted 00:00:20 (49 turns).

ragingrage the Sneak (Minotaur Delver)                Turns: 49, Time: 00:00:20

Health: -26/19     AC:  3    Str: 16    XL:     1   Next: 91%
Magic:  0/0        EV: 11    Int:  7    God:
Gold:   0          SH:  0    Dex: 11    Spells: 0/0 levels left

rFire   . . .      SeeInvis .   a - +0 hand axe
rCold   . . .      Faith    .   (no shield)
rNeg    . . .      Spirit   .   b - +0 leather armour
rPois   .          Reflect  .   (helmet restricted)
rElec   .          Harm     .   (no cloak)
rCorr   .          Rampage  .   (no gloves)
Will    .....                   (no boots)
Stlth   ++........              (no amulet)
HPRegen 0.06/turn               (no ring)
MPRegen 0.07/turn               (no ring)

@: no status effects
A: horns 2, retaliatory headbutt
a: no special abilities


You were on level 5 of the Dungeon.
You visited 1 branch of the dungeon, and saw 2 of its levels.

Inventory:

Hand Weapons
 a - a +0 hand axe (weapon)
Armour
 b - a +0 leather armour (worn)
Wands
 g - a wand of digging (3)
Scrolls
 c - a scroll of fog
 d - a scroll of magic mapping
 e - a scroll of fear
Potions
 f - a potion of haste


   Skills:
 - Level 3.6 Fighting
 + Level 3.3 Axes
 - Level 2.1 Dodging
 - Level 4.1 Stealth


You couldn't memorise any spells.
You didn't know any spells.
Your spell library was empty.

Dungeon Overview and Level Annotations

Branches:
Dungeon (6/15)
 Temple: D:4-7

Altars:

Annotations:
D:5 exclusion: downstairs


Innate Abilities, Weirdness & Mutations

You have a pair of horns on your head.
You reflexively headbutt those who attack you in melee.


Message History

The gnoll shouts! x2
The gnoll barely misses you. The gnoll completely misses you.
You hear a shout!
You climb upwards.
There is a stone staircase leading down here.
Unknown command.
A shadow imp comes into view.
A shadow imp is nearby!
The shadow imp shouts, "Decamp, thou unhinged moldwarp pignut!"
A shadow imp is nearby!
An ogre comes into view. It is wielding a +0 giant club.
The ogre shouts!
You slash the shadow imp!
The shadow imp is severely wounded.
The shadow imp gestures at you.
You barely resist. You closely miss the shadow imp.
You headbutt the shadow imp.
You kill the shadow imp!
Your Axes skill increases to level 3!
Found a ring mail.
Found a stone staircase leading down.
A phantom comes into view.
You see here a scroll labelled ROGIXA LITAWK.
A hound comes into view.
The hound barks!
You hit the hound.
The hound is lightly wounded.
You hit the ogre. The hound barely misses you.
The ogre hits you with a +0 giant club!
Ouch! That really hurt!
The hound bites you. The phantom hits you.
* * * LOW HITPOINT WARNING * * *
You completely miss the hound.
The hound is lightly wounded.
You completely miss the ogre. You closely miss the phantom.
The hound bites you.
* * * LOW HITPOINT WARNING * * *
The ogre hits you with a +0 giant club!!
Ouch! That really hurt!
You die...

#.#####....##..#...
###.# #.#..###.....
....# #.##........#
.#### ..###..##.#.#
.# .#####.## ...
.#### .# #....###.#
.##.... ##?##.##..#
.##.#####..##..W.##
O##.##.........O@.#
.##.#.......#####h#
.##>........# ...
............. ##..#
[............# #.#
.............# .#
.............# #
..?..........#
.###.......


You could see an ogre, a phantom and a hound.

Vanquished Creatures
  A shadow imp (D:5)
1 creature vanquished.

Notes
Turn   | Place    | Note
-------+----------+-------------------------------------------
     0 | D:5      | ragingrage the Minotaur Delver began the quest for the Orb.
     0 | D:5      | Reached XP level 1. HP: 19/19 MP: 0/0
    11 | D:5      | Noticed an ogre
    33 | D:5      | Noticed a phantom
    47 | D:5      | Noticed a hound
    49 | D:5      | Annihilated by an ogre

Illustrated notes

Levels and vault maps discovered:
D:5:      layout_rooms, chequers_serial_rivers_marsh,
          minmay_fractal_squares_gapless_5
D:6:      layout_loops_cross, minmay_temple_entry_statues_pillars,
          kennysheep_generic_room_15, uniq_blork_the_orc

Skill      XL: |  1 |
---------------+----+-----
Axes           | 3 |  3.3
Fighting       | |  3.6
Dodging        | |  2.1
Stealth        | |  4.1

Action                   || total
-------------------------++-------
Melee: Hand axe          ||     4
       Headbutt          ||     1
Dodge: Dodged            ||     3

Table legend: (Time is in decaauts)
 A = Elapsed time spent in this place.
 B = Non-inter-level travel time spent in this place.
 C = Inter-level travel time spent in this place.
 D = Time resting spent in this place.
 E = Time spent auto-exploring this place.
 F = Levels seen in this place.
 G = Mean time per level.
                   A        B        C        D        E       F      G
               +--------+--------+--------+--------+--------+-----+--------+
         Total |     49 |     49 |      0 |      0 |      0 |   2 |   24.5 |
       Dungeon |     49 |     49 |      0 |      0 |      0 |   2 |   24.5 |
               +--------+--------+--------+--------+--------+-----+--------+

Top non-repeatable levels by time:
     D:5: 48 daAuts
     D:6: 1 daAuts
